 Dungeon Crawl Stone Soup version 0.29.1-1-gd02db6906a (webtiles) character file.

Game seed: 14192396824731478400

277 vvl the Trooper (level 6, -2/48 HPs)
             Began as a Demonspawn Fighter on Oct 6, 2022.
             Slain by a river rat (7 damage)
             ... in a sewer.
             The game lasted 00:05:31 (4014 turns).

vvl the Trooper (Demonspawn Fighter)                Turns: 4014, Time: 00:05:31

Health: -2/48      AC:  6    Str: 17    XL:     6   Next: 4%
Magic:  8/8        EV: 10    Int: 11    God:
Gold:   243        SH:  4    Dex: 12    Spells: 8/8 levels left

rFire   . . .      SeeInvis .   a - +0 long sword
rCold   . . .      Faith    .   c - +0 buckler
rNeg    . . .      Spirit   .   o - +0 ring mail
rPois   .          Reflect  .   (no helmet)
rElec   .          Harm     .   B - +0 cloak
rCorr   .          Rampage  .   (no gloves)
Will    +....                   (no boots)
Stlth   ++........              r - amulet of regeneration
HPRegen 0.96/turn               p - +4 ring of slaying
MPRegen 0.22/turn               w - ring of willpower

@: no status effects
A: claws 1, thin skeletal structure 1, powered by death 1, magic regeneration,
clumsy 1, MP-powered wands
a: no special abilities


You were in a sewer.
You visited 1 branch of the dungeon, and saw 4 of its levels.
You also visited: Sewer.

You collected 243 gold pieces.

Inventory:

Hand Weapons
 a - a +0 long sword (weapon)
Armour
 c - a +0 buckler (worn)
 o - a +0 ring mail (worn)
 y - a +2 chain mail of willpower
 B - a +0 cloak (worn)
Jewellery
 p - a +4 ring of slaying (left claw)
 r - an amulet of regeneration (around neck)
 w - a ring of willpower (right claw)
 D - a ring of flight
Wands
 x - a wand of polymorph (1)
Scrolls
 b - 2 scrolls of silence {unknown}
 e - 3 scrolls of identify {unknown}
 g - 2 scrolls of butterflies {unknown}
 h - 3 scrolls of teleportation {unknown}
 m - a scroll of vulnerability {unknown}
 t - a scroll of acquirement {unknown}
 u - a scroll of torment {unknown}
 v - a scroll of amnesia {unknown}
 z - 5 scrolls of fear {unknown}
 A - a scroll of blinking {unknown}
 C - a scroll of enchant weapon {unknown}
Potions
 d - 2 potions of might
 f - a potion of heal wounds {unknown}
 i - a potion of resistance {unknown}
 j - a potion of mutation
 k - a potion of brilliance {unknown}
 l - 2 potions of curing {unknown}
 n - 2 potions of flight {unknown}
 q - a potion of attraction {unknown}
 s - a potion of degeneration {unknown}


   Skills:
 + Level 3.7 Fighting
 + Level 2.6 Long Blades
 + Level 3.3 Armour
 + Level 3.2 Shields
 + Level 1.7 Spellcasting
 + Level 1.8 Conjurations
 + Level 1.9 Necromancy
 + Level 1.3 Air Magic


You had 8 spell levels left.
You didn't know any spells.
Your spell library contained the following spells:

 Spells                   Type           Power      Damage    Failure   Level
 Airstrike                Air            1%         2d(1-17)  99%         4
 Summon Lightning Spire   Summ/Air       2%         N/A       99%         4
 Lightning Bolt           Conj/Air       2%         1d13      100%        5


Dungeon Overview and Level Annotations

Branches:
Dungeon (4/15)              Sewer (1/1)
 Temple: D:4-7

Altars:
Vehumet


Innate Abilities, Weirdness & Mutations

You have sharp fingernails.
You have a somewhat thin skeletal structure. (Dex +2, Stealth+)
You regenerate a little health from kills.
You regenerate magic rapidly.
You are clumsy. (Dex -2)
You expend magic power (3 MP) to strengthen your wands.


Message History

You have reached level 6!
Your demonic ancestry asserts itself...
Your fingernails lengthen.
You barely miss the river rat.
The river rat bites you but does no damage.
You block the river rat's attack.
You hit the river rat but do no damage. The river rat barely misses you.
You block the river rat's attack. The river rat bites you.
You block the river rat's attack.
You closely miss the river rat.
The river rat bites you but does no damage. x2
You closely miss the river rat. The river rat bites you.
You block the river rat's attack.
You closely miss the river rat. The river rat bites you.
* * * LOW HITPOINT WARNING * * *
The river rat bites you but does no damage.
You hit the river rat but do no damage.
The river rat bites you but does no damage.
You block the river rat's attack. The river rat bites you.
* * * LOW HITPOINT WARNING * * *
The river rat bites you but does no damage.
You slash the river rat!
You kill the river rat!
You closely miss the river rat. The river rat bites you!
* * * LOW HITPOINT WARNING * * *
You hit the river rat.
The river rat is lightly wounded.
You block the river rat's attack.
The river rat bites you but does no damage.
The river rat misses you. The river rat bites you.
* * * LOW HITPOINT WARNING * * *
You hit the river rat.
The river rat is moderately wounded.
The river rat misses you. The river rat bites you.
* * * LOW HITPOINT WARNING * * *
It was a potion of mutation.
You feel extremely strange.
You feel your magical essence link to the dungeon's wands.
You feel clumsy. You block the river rat's attack. The river rat bites you!
You die...

############≈≈≈#
.~~~~~.~~~~~~.~#
≈≈≈≈≈≈~~≈≈≈≈≈≈~#
~~~~~~~~~~~~~≈~#
≈~####~~####~≈.#
#~~# #.≈~# #~~#
#.≈~#
#..####.≈.#
#.@#.##~≈~#
+.rr.##~≈.#
+..'.##~≈~#
#..#.##~≈~#
#..####~≈~# #..#
#~≈~# #..# #~≈~#
#..# #~≈~# +..
#~≈~#


You could see 2 river rats.

Vanquished Creatures
  Jessica (D:2)
  Ijyb (D:3)
  2 adders (D:3)
  5 gnolls (D:3)
  6 river rats
  5 worms
  An orc (D:3)
  11 ball pythons
  3 bats
  6 endoplasms
  2 giant cockroaches
  15 goblins
  5 hobgoblins
  6 jackals
  4 kobolds
  6 quokkas
  6 frilled lizards
  5 rats
90 creatures vanquished.

Notes
Turn   | Place    | Note
-------+----------+-------------------------------------------
     0 | D:1      | vvl the Demonspawn Fighter began the quest for the Orb.
     0 | D:1      | Reached XP level 1. HP: 18/18 MP: 1/1
   101 | D:1      | Gained mutation: You regenerate a little health from kills.
                  | [demonic ancestry]
   101 | D:1      | Reached XP level 2. HP: 11/24 MP: 2/2
  1297 | D:2      | Gained mutation: You regenerate magic rapidly. [demonic
                  | ancestry]
  1297 | D:2      | Reached XP level 3. HP: 29/29 MP: 4/4
  1925 | D:2      | Noticed Jessica
  1934 | D:2      | Killed Jessica
  1935 | D:2      | Reached skill level 1 in Spellcasting
  1935 | D:2      | Reached skill level 1 in Conjurations
  1935 | D:2      | Reached skill level 1 in Necromancy
  1979 | D:2      | Found a faded altar of an unknown god.
  2066 | D:2      | Reached XP level 4. HP: 13/35 MP: 5/5
  2689 | D:3      | Noticed Ijyb
  2897 | D:3      | Killed Ijyb
  3081 | D:3      | Gained mutation: You have a somewhat thin skeletal
                  | structure. (Dex +2, Stealth+) [demonic ancestry]
  3081 | D:3      | Reached XP level 5. HP: 41/41 MP: 6/6
  3088 | D:3      | Reached skill level 1 in Air Magic
  3384 | D:3      | Found a radiant altar of Vehumet.
  3758 | D:4      | Found a glowing drain.
  3780 | Sewer    | Entered a sewer
  4004 | Sewer    | Gained mutation: You have sharp fingernails. [demonic
                  | ancestry]
  4004 | Sewer    | Reached XP level 6. HP: 21/48 MP: 8/8
  4014 | Sewer    | Gained mutation: You expend magic power (3 MP) to
                  | strengthen your wands. [potion of mutation]
  4014 | Sewer    | Gained mutation: You are clumsy. (Dex -2) [potion of
                  | mutation]
  4014 | Sewer    | Slain by a river rat

Illustrated notes

Levels and vault maps discovered:
D:1:      heliophobic_arrival_glass_houses, layout_basic
D:2:      layout_basic, ebering_ecumenical_altar_hall, feat_on_display,
          uniq_jessica
D:3:      kennysheep_the_goblin_king, layout_basic, marbit_many_paths
D:4:      layout_basic, lemuel_blue_sif_altar, kennysheep_mini_moat,
          mainiacjoe_overflow_concentric_impassable, portal_sewer_entry_a,
          guppyfry_early_orc_mine
Sewer:    sewer_fruit_machine

Skill      XL: |  1  2  3  4  5 |
---------------+----------------+-----
Long Blades    | 2 |  2.6
Spellcasting   | 1 |  1.7
Conjurations   | 1 |  1.8
Necromancy     | 1 |  1.9
Armour         | 3 |  3.3
Shields        | 3 |  3.2
Air Magic      | 1 |  1.3
Fighting       | |  3.7

Action                   |  1- 3 |  4- 6 || total
-------------------------+-------+-------++-------
Melee: Long sword        |   104 |   197 ||   301
       Unarmed           |       |     4 ||     4
  Use: Potion            |       |     1 ||     1
 Stab: Sleeping          |       |     1 ||     1
Armor: Scale mail        |    31 |       ||    31
       Ring mail         |     6 |    84 ||    90
Dodge: Dodged            |    45 |   120 ||   165
Block: Buckler           |    19 |    56 ||    75
